 Dungeon Crawl Stone Soup version 0.31.0-32-g396128a36d (webtiles) character file.

Game seed: 18250153848325320559

235 Peloso the Covered (level 5, 0/47 HPs)
             Began as a Minotaur Fighter on Mar 15, 2024.
             Succumbed to a water moccasin's poison
             ... on level 5 of the Dungeon.
             The game lasted 00:05:06 (2157 turns).

Peloso the Covered (Minotaur Fighter)               Turns: 2157, Time: 00:05:07

Health: 0/47       AC: 15    Str: 21    XL:     5   Next: 76%
Magic:  4/4        EV:  8    Int:  5    God:
Gold:   217        SH:  4    Dex: 11    Spells: 4/4 levels left

rFire   . . .        a - +0 long sword
rCold   + . .        d - +0 buckler
rNeg    . . .        c - +4 chain mail {rC+}
rPois   .            (helmet restricted)
rElec   .            j - +0 cloak
rCorr   .            (no gloves)
SInv    .            (no boots)
Will    .....        (no amulet) Stlth
                     (no ring)
HPRegen 0.27/turn    (no ring)
MPRegen 0.09/turn

%: no passive effects
@: lethally poisoned (0 -> -5)
A: horns 2, retaliatory headbutt
a: no special abilities


You were on level 5 of the Dungeon.
You visited 1 branch of the dungeon, and saw 5 of its levels.

You collected 217 gold pieces.

Inventory:

Hand Weapons
 a - a +0 long sword (weapon)
 b - the +6 mace "Vuamolol" {vamp, rN+ Str+3 Stlth+}
   (You found it on level 3 of the Dungeon)

   Str+3:     It affects your strength (+3).
   rN+:       It protects you from negative energy.
   Stlth+:    It makes you more stealthy.
Missiles
 m - a throwing net (quivered)
Armour
 c - a +4 chain mail of cold resistance (worn)
 d - a +0 buckler (worn)
 j - a +0 cloak (worn)
Scrolls
 e - 2 scrolls of identify
 k - a scroll of enchant armour
 l - a scroll of torment {unknown}
 n - a scroll of noise {unknown}
Potions
 f - a potion of might
 g - 2 potions of enlightenment
 h - a potion of attraction
 i - a potion of cancellation


   Skills:
 + Level 4.4 Fighting
 + Level 4.3 Long Blades
 + Level 5.6 Armour
 + Level 1.3 Dodging
 + Level 4.2 Shields


You had 4 spell levels left.
You didn't know any spells.
Your spell library contained the following spells:

 Spells                   Type           Power      Damage    Failure   Level
 Magic Dart               Conj           0%         1d3       99%         1
 Blink                    Tloc           0%         N/A       99%         2
 Call Imp                 Summ           0%         N/A       99%         2
 Lesser Beckoning         Tloc           0%         N/A       99%         2
 Gell's Gravitas          Tloc           0%         N/A       100%        3
 Teleport Other           Tloc           0%         N/A       100%        3


Dungeon Overview and Level Annotations

Branches:
Dungeon (5/15)
 Temple: D:4-7

Altars:
Ashenzari
Gozag
Nemelex Xobeh
Xom

Annotations:
D:4 Grinder, Menkaure, Pikel


Innate Abilities, Weirdness & Mutations

You have a pair of horns on your head.
You reflexively headbutt those who attack you in melee.


Message History

You barely miss the lemure.
The lemure is heavily wounded.
The lemure hits you but does no damage.
You closely miss the lemure.
You headbutt the lemure, but do no damage.
The lemure is heavily wounded.
You block the lemure's attack.
You hit the lemure.
The lemure is severely wounded.
The lemure hits you but does no damage. You block the lemure's attack.
You slash the lemure!
You kill the lemure!
That felt strangely unrewarding.
A water moccasin comes into view.
The water moccasin bites you.
* * * LOW HITPOINT WARNING * * *
You are lethally poisoned!
The water moccasin poisons you!
* * * LOW HITPOINT WARNING * * *
You feel very sick.
There is a stone staircase leading up here.
Okay, then.
You hit the water moccasin but do no damage.
* * * LOW HITPOINT WARNING * * *
You feel very sick. The water moccasin closely misses you.
Unknown command.
You hit the water moccasin.
The water moccasin is lightly wounded.
* * * LOW HITPOINT WARNING * * *
You feel very sick.
The water moccasin bites you but does no damage. x2
You closely miss the water moccasin.
The water moccasin is lightly wounded.
* * * LOW HITPOINT WARNING * * *
You feel sick. You block the water moccasin's attack.
The water moccasin barely misses you.
You hit the water moccasin.
The water moccasin is moderately wounded.
You die...

#.#.... #.#...#
#.....#
###.....#
......# #
#.....##
#.#.#....#
#..@S..#
...........#
...............
...#.##.#..###..
..... #...(#
...# ...#.# ...
#.#. ≈≈ ##
#.##≈≈≈.


You could see a water moccasin.

Vanquished Creatures
  A lemure (D:5)
  An orc priest (D:4)
  Natasha (thrice) (D:2)
  Terence (D:2)
  3 adders
  3 ribbon worms (D:2)
  A dart slug (D:2)
  6 orcs
  7 ball pythons
  7 bats
  3 endoplasms
  5 giant cockroaches
  2 goblins
  4 hobgoblins
  4 jackals (D:1)
  2 quokkas
  3 frilled lizards
  8 kobolds
  A rat (D:2)
65 creatures vanquished.

Notes
Turn   | Place    | Note
-------+----------+-------------------------------------------
     0 | D:1      | Peloso the Minotaur Fighter began the quest for the Orb.
     0 | D:1      | Reached XP level 1. HP: 19/19 MP: 0/0
   104 | D:1      | Reached XP level 2. HP: 24/27 MP: 1/1
   257 | D:1      | Reached skill level 4 in Armour
   713 | D:2      | Reached XP level 3. HP: 33/33 MP: 2/2
   733 | D:2      | Found a shimmering altar of Xom.
   733 | D:2      | Noticed Natasha
   742 | D:2      | Killed Natasha
   867 | D:2      | Noticed Natasha
   875 | D:2      | Killed Natasha
   876 | D:2      | Reached XP level 4. HP: 32/40 MP: 3/3
   970 | D:2      | Reached skill level 1 in Dodging
  1009 | D:2      | Noticed Natasha
  1015 | D:2      | Killed Natasha
  1016 | D:2      | Reached skill level 5 in Armour
  1147 | D:2      | Noticed Terence
  1164 | D:2      | Killed Terence
  1165 | D:2      | Reached XP level 5. HP: 16/46 MP: 4/4
  1387 | D:3      | Found a broken altar of Ashenzari.
  1687 | D:3      | Identified the +6 mace "Vuamolol" {vamp, rN+ Str+3 Stlth+}
  1689 | D:3      | Found a sparkling altar of Nemelex Xobeh.
  2001 | D:4      | Found an opulent altar of Gozag.
  2064 | D:4      | Noticed Grinder
  2067 | D:4      | Paralysed by Grinder for 5 turns
  2075 | D:4      | Paralysed by Grinder for 5 turns
  2084 | D:4      | Paralysed by Grinder for 2 turns
  2088 | D:4      | Noticed Menkaure
  2101 | D:4      | Noticed a lemure
  2101 | D:4      | Noticed a lemure
  2101 | D:4      | Noticed a lemure
  2102 | D:4      | Noticed Pikel
  2102 | D:4      | Noticed a lemure
  2139 | D:5      | Entered Level 5 of the Dungeon
  2149 | D:5      | Killed a lemure
  2150 | D:5      | Noticed a water moccasin
  2156 | D:5      | HP: 1/47 [poisoned by a water moccasin]
  2157 | D:5      | Succumbed to a water moccasin's poison

Illustrated notes

Levels and vault maps discovered:
D:1:      orjb1_clovarrival, layout_rooms, chequers_serial_rivers_micro_b,
          minmay_pentomino_t2
D:2:      layout_rooms, basic_altar, grunt_ministairs_6, uniq_natasha,
          uniq_terence
D:3:      layout_basic, mainiacjoe_overflow_catwalk, lemuel_round_altar
D:4:      corexii_shantytown, layout_rooms, lemuel_crystal_altar,
          lemuel_tele_altar, uniq_grinder, uniq_menkaure, uniq_pikel
D:5:      layout_rooms, mainiacjoe_overflow_boulevard,
          lemuel_coloured_pillars_altar, elyvilon_altar_4,
          minmay_temple_entry_glassed_door, biasface_ghost_orc_armoury,
          serial_shops, shop, nicolae_shop_rolling_square, shop, st_stairs_11,
          nicolae_shop_self_help

Skill      XL: |  1  2  3  4  5 |
---------------+----------------+-----
Shields        | 4 |  4.2
Fighting       | 4 |  4.4
Armour         | 4 5 |  5.6
Long Blades    | 3 4 |  4.3
Dodging        | 1 |  1.3

Action                     |  1- 3 |  4- 6 || total
---------------------------+-------+-------++-------
  Melee: Long sword        |    71 |   115 ||   186
         Headbutt          |     7 |    20 ||    27
    Use: Potion            |     5 |     1 ||     6
         Scroll            |     2 |     4 ||     6
 Armour: Scale mail        |    73 |    53 ||   126
         Chain mail        |       |    62 ||    62
  Dodge: Dodged            |    51 |    58 ||   109
  Block: Buckler           |    25 |    38 ||    63
